 Dungeon Crawl Stone Soup version 0.16.0-16-g311141a (webtiles) character file.

70583 roverover the Peltast (level 15, -9/115 HPs)
             Began as a Formicid Fighter on Mar 19, 2015.
             Was a High Priest of Nemelex Xobeh.
             Mangled by a spatial maelstrom (14 damage)
             ... on level 1 of the Abyss on Mar 20, 2015.
             The game lasted 01:51:56 (24803 turns).

roverover the Peltast (Formicid Fighter)           Turns: 24803, Time: 01:51:57

Health: -9/115     AC: 26    Str: 28      XL:     15   Next: 78%
Magic:  22/26      EV: 19    Int:  7 (9)  God:    Nemelex Xobeh [*****.]
Gold:   1179       SH: 16    Dex: 18      Spells: 0 memorised, 14 levels left

rFire  + . .     SeeInvis +     a - +2 scimitar (flame)
rCold  + . .     Clarity  +     N - +0 plate armour
rNeg   + . .     SustAb   .     I - +1 shield {rC+}
rPois  +         Gourm    .     (helmet unavailable)
rElec  +         Spirit   .     f - +2 cloak {MR+}
rCorr  .         Warding  .     q - +2 pair of gloves
rMut   +         Stasis   +     (no boots)
MR     ++...                    H - amulet of resist mutation
Stlth  ..........               U - ring "Vyaff" {+Blink rElec rPois rN+ MR- Dex-4}
                                g - ring of protection from fire

@: mighty, agile, starving, very resistant to hostile enchantments, extremely
unstealthy
A: permanent stasis, dig shafts and tunnels, four strong arms, antennae 3,
iridescent scales 1, thin skeletal structure 1, clarity, low mp 1, magic
resistance 1, spit poison 1, strong 1
a: Dig, Shaft Self, Spit Poison, Triple Draw, Deal Four, Stack Five, Renounce
Religion


You were on level 1 of the Abyss.
You worshipped Nemelex Xobeh.
Nemelex Xobeh was extremely pleased with you.
You were starving.

You visited 3 branches of the dungeon, and saw 19 of its levels.
You visited the Abyss 1 time.
You also visited: Ice Cave.

You collected 1237 gold pieces.

Inventory:

Hand weapons
 a - a +2 scimitar of flaming (weapon)
 i - a +1 great sword of flaming
 Q - a +0 blowgun
 Z - a +2 great sword
Missiles
 e - 410 stones (quivered)
 R - 22 poisoned needles
Armour
 f - a +2 cloak of magic resistance (worn)
 q - a +2 pair of gloves (worn)
 I - a +1 shield of cold resistance (worn)
 N - a +0 plate armour (worn)
Jewellery
 g - a ring of protection from fire (left hand)
 H - an amulet of resist mutation (around neck)
 U - the ring "Vyaff" (right hand) {+Blink rElec rPois rN+ MR- Dex-4}
   (You found it on level 10 of the Dungeon)

   [ring of positive energy]

   It affects your dexterity (-4).
   It insulates you from electricity.
   It protects you from poison.
   It protects you from negative energy.
   It affects your resistance to hostile enchantments.
   It lets you blink.
Magical devices
 b - a wand of fire (10)
 y - a wand of lightning (1)
 L - a wand of lightning (0)
 S - a wand of paralysis (3)
Scrolls
 c - 3 scrolls of enchant weapon
 s - a scroll of enchant armour
 w - 3 scrolls of remove curse
 G - a scroll of magic mapping
Potions
 h - a potion of invisibility {unknown}
 l - 2 potions of poison {unknown}
 m - 2 potions of lignification
 o - 2 potions of cancellation
 p - 3 potions of agility
 B - a potion of degeneration {unknown}
 D - 5 potions of restore abilities
 F - 3 potions of resistance
 O - 2 potions of might
 Y - a potion of brilliance {unknown}
Books
 V - a book of Callings

   Spells                             Type                      Level
   a - Summon Small Mammal            Summoning                    1
   b - Call Imp                       Summoning                    2
   c - Call Canine Familiar           Summoning                    3
   d - Summon Guardian Golem          Hexes/Summoning              4
   e - Summon Lightning Spire         Summoning/Air                4
   f - Summon Ice Beast               Ice/Summoning                4
Miscellaneous
 t - a plain deck of destruction {drawn: 7}
 z - a plain deck of war
 E - a stone of tremors
 X - an ornate deck of destruction
Comestibles
 d - 13 bread rations
 k - 13 fruits
 u - 7 meat rations
 C - 5 beef jerkies
 M - 9 slices of pizza


   Skills:
 - Level 10.1 Fighting
 + Level 14.4 Long Blades
 - Level 11.0 Armour
 - Level 10.0 Dodging
 - Level 15.0 Shields
 - Level 10.1 Evocations


You had 14 spell levels left.
You didn't know any spells.

Dungeon Overview and Level Annotations

Branches:
Dungeon (11/15)            Temple (1/1) D:4            Lair (7/8) D:10
  Swamp (0/5) Lair:4       Spider (0/5) Lair:6        Slime (0/6) Lair:6
    Orc (0/4) D:9

Altars:
Ashenzari
Cheibriados
Dithmenos
Elyvilon
Fedhas
Gozag
Kikubaaqudgha
Makhleb
Nemelex Xobeh
Okawaru
Qazlal
Ru
Sif Muna
Trog
Vehumet
Xom
Yredelemnul
Zin
The Shining One
Jiyva

Shops:
D:9 %   D:10 }

Annotations:
D:3 exclusion: oklob plant
D:8 Dowan


Innate Abilities, Weirdness & Mutations

You are under a permanent stasis effect.
You can dig through walls and to a lower floor.
Your four strong arms can wield two-handed weapons with a shield.
You have a pair of large antennae on your head (SInv).
You are partially covered in iridescent scales (AC +4).
You have a somewhat thin skeletal structure (Dex +2, Stealth).
You possess an exceptional clarity of mind.
Your magical capacity is low (-10% MP).
You are resistant to hostile enchantments.
You can spit poison.
Your muscles are strong. (Str +2)


Message History

You retract your mandibles. 2 spatial vortices come into view.
The spatial vortex misses you.
Found a scroll of amnesia.
A spatial vortex comes into view.
The spatial maelstrom completely misses you.
The spatial maelstrom barely misses you.
The spatial maelstrom closely misses you.
The spatial maelstrom completely misses you.
You feel less vulnerable to poison.
An orange demon comes into view.
You are starving!
The orange demon screeches!
The orange demon moves out of view.
You block the spatial maelstrom's attack.
The spatial maelstrom hits you!
* * * LOW HITPOINT WARNING * * *
Space warps horribly around you!
You die...
Your body disappears without a glow.

..
#{v##{#.#5..
#(.#
###.#{v#{..{
#....#v#5{#{{.
####.v###{{#.
.. ###.#.v.#
{#.5#.. #.
#..### {5.. .
. #####.##.#
.##...
#..#v#.....##
.. .
#@##.##.#.# ..
#?..#.. #. .#
#.###.#. ## .
.. .#.# # ...
## # .##. ##
#. #. #


You could see a spatial maelstrom and 2 spatial vortices.

Vanquished Creatures
  A Shadow Fiend (Abyss:1)
  An Executioner (Abyss:1)
  A tentacled starspawn (Abyss:1)
  Maud (Lair:6)
  A balrug (Abyss:1)
  A cacodemon (Abyss:1)
  Gastronok (D:8)
  The ghost of Rayvis the Prestidigitator, a powerful MiFi of Makhleb (IceCv)
  A white draconian (IceCv)
  8 hydras
  A rakshasa (Abyss:1)
  Harold (Lair:6)
  A catoblepas (Lair:5)
  2 death yaks (Lair:6)
  3 wretched stars (Abyss:1)
  2 spatial maelstroms (Abyss:1)
  2 unseen horrors
  A giant orange brain (Abyss:1)
  An ice statue (IceCv)
  Pikel (D:8)
  A hill giant (D:10)
  An orc sorcerer (Abyss:1)
  An orb spider (Lair:6)
  3 worldbinders (Abyss:1)
  An apocalypse crab (Abyss:1)
  Maurice (D:9)
  2 black mambas
  3 elephants (Lair:4)
  14 large abominations (Abyss:1)
  4 smoke demons (Abyss:1)
  A torpor snail (Lair:4)
  3 fire drakes
  6 spiny frogs
  3 komodo dragons
  A kobold demonologist (D:11)
  A tormentor (Abyss:1)
  A troll (D:9)
  A red devil (Abyss:1)
  A two-headed ogre (D:9)
  18 polar bears (IceCv)
  An ancient zyme (Abyss:1)
  A hydra zombie (Abyss:1)
  Grinder (D:4)
  A raiju (Abyss:1)
  2 basilisks
  A deep elf mage (D:9)
  22 blink frogs
  A trapdoor spider (D:11)
  11 starcursed masses (Abyss:1)
  A wraith (D:11)
  27 yaks
  Eustachio (D:4)
  3 hippogriffs
  2 hungry ghosts (D:9)
  A vampire (Abyss:1)
  A ynoxinul (Abyss:1)
  Grum (D:9)
  2 hogs (D:8)
  2 wyverns
  A neqoxec (Abyss:1)
  A vampire mosquito (Lair:6)
  2 humans
  3 wargs
  2 spatial vortices (Abyss:1)
  24 wolves
  4 slaves (D:8)
  A merfolk skeleton (Abyss:1)
  3 orc warriors
  3 porcupines (Lair:1)
  A necrophage (D:6)
  A sky beast (D:9)
  3 ogres
  8 water moccasins
  4 hell hounds (Abyss:1)
  2 black bears
  8 centaurs
  10 ice beasts
  3 phantoms (D:9)
  7 crocodiles
  Sigmund (D:6)
  Duvessa (D:8)
  12 giant frogs
  Blork the orc (D:6)
  10 small abominations (Abyss:1)
  A water moccasin zombie (D:6)
  2 jellies
  A wyvern skeleton (D:9)
  2 scorpions
  6 troll zombies (D:9)
  A killer bee (D:7)
  8 wights
  An electric eel (Lair:4)
  3 crimson imps
  2 quasits (Abyss:1)
  4 goliath beetles
  10 hounds
  2 centaur skeletons
  A giant frog skeleton (D:9)
  6 orc priests
  10 worker ants
  Natasha (thrice) (D:4)
  12 orc wizards
  6 iguanas
  19 sheep
  A killer bee zombie (D:8)
  2 ogre zombies (D:9)
  Ijyb (D:5)
  A hound skeleton (D:4)
  Robin (D:3)
  3 gnolls (D:2)
  A worker ant zombie (D:6)
  42 river rats
  19 adders
  2 shadow imps
  A white imp (Abyss:1)
  An ufetubus (Abyss:1)
  7 worms
  An adder skeleton (D:6)
  3 giant geckos
  An ooze (D:2)
  36 orcs
  A bat skeleton (D:4)
  6 giant cockroaches
  22 goblins
  15 hobgoblins
  2 jackals (D:4)
  17 kobolds
  8 quokkas
  A ball python (D:3)
  19 bats
  A giant gecko skeleton (D:5)
  6 giant newts
  A giant spore (D:9)
  3 goblin skeletons (D:9)
  3 goblin zombies (D:9)
  2 hobgoblin zombies (D:9)
  A jackal zombie (D:7)
  3 orc skeletons (D:9)
  10 orc zombies (D:9)
  13 rats
  2 ballistomycetes
  4 plants (D:3)
660 creatures vanquished.

Vanquished Creatures (collateral kills)
  A hydra (D:11)
  Erica (D:10)
  A death yak (Lair:6)
  A yak (D:10)
  A chaos spawn (Abyss:1)
  A hungry ghost (D:11)
  2 vampire mosquitoes (D:11)
  An orc warrior (D:8)
  An ogre (D:11)
  An orc wizard (D:11)
  An ufetubus (Abyss:1)
  2 orcs
14 creatures vanquished.

Vanquished Creatures (others)
  A green death (Abyss:1)
  A jiangshi (Abyss:1)
  A flayed ghost (Abyss:1)
  2 air elementals (Abyss:1)
  A vampire mosquito (Lair:6)
  An earth elemental (Abyss:1)
  A white imp (Abyss:1)
  An orc (D:11)
  A giant spore (D:6)
  A hobgoblin zombie (D:9)
  3 orc zombies (D:9)
  A fungus (Lair:3)
  5 starspawn tentacles (Abyss:1)
  147 starspawn tentacle segments (Abyss:1)
  5 toadstools (D:1)
172 creatures vanquished.

Grand Total: 846 creatures vanquished

Notes
Turn   | Place    | Note
--------------------------------------------------------------
     0 | D:1      | roverover, the Formicid Fighter, began the quest for the Orb.
     0 | D:1      | Reached XP level 1. HP: 18/18 MP: 1/1
   298 | D:1      | Reached XP level 2. HP: 24/24 MP: 3/3
   664 | D:2      | Reached XP level 3. HP: 22/29 MP: 4/4
   975 | D:2      | Reached XP level 4. HP: 35/35 MP: 5/5
   985 | D:2      | Reached skill level 4 in Long Blades
  1162 | D:2      | Found a snail-covered altar of Cheibriados.
  1404 | D:2      | Found a sacrificial altar of Ru.
  1509 | D:2      | Reached XP level 5. HP: 39/41 MP: 7/7
  1565 | D:2      | Reached skill level 5 in Long Blades
  1728 | D:3      | Found a blossoming altar of Fedhas.
  1742 | D:3      | Noticed an oklob plant
  1825 | D:3      | Noticed Robin
  2212 | D:3      | Killed Robin
  2409 | D:3      | Reached XP level 6. HP: 47/47 MP: 8/8
  2545 | D:3      | Reached skill level 6 in Long Blades
  3067 | D:4      | Found a staircase to the Ecumenical Temple.
  3073 | Temple   | Entered the Ecumenical Temple
  3112 | Temple   | Became a worshipper of Nemelex Xobeh the Trickster
  3206 | D:4      | Noticed Eustachio
  3244 | D:4      | Killed Eustachio
  3244 | D:4      | Reached skill level 7 in Long Blades
  3244 | D:4      | Reached XP level 7. HP: 40/52 MP: 9/9
  3261 | D:4      | Noticed Grinder
  3276 | D:5      | Entered Level 5 of the Dungeon
  3348 | D:5      | Found an iron altar of Okawaru.
  3579 | D:4      | Found a white marble altar of Elyvilon.
  3600 | D:4      | Killed Grinder
  3600 | D:4      | Reached skill level 8 in Long Blades
  3600 | D:4      | Reached XP level 8. HP: 52/58 MP: 11/11
  3626 | D:4      | Received a gift from Nemelex Xobeh
  3841 | D:4      | Noticed Natasha
  3852 | D:4      | Killed Natasha
  4298 | D:4      | Noticed Natasha
  4302 | D:4      | Killed Natasha
  4466 | D:4      | Noticed Natasha
  4476 | D:4      | Killed Natasha
  4646 | D:5      | Received a gift from Nemelex Xobeh
  5048 | D:5      | Reached skill level 5 in Armour
  5304 | D:6      | Noticed Ijyb
  5307 | D:6      | Noticed Blork the orc
  5325 | D:5      | Killed Ijyb
  5547 | D:6      | Found an opulent altar of Gozag.
  5690 | D:6      | Killed Blork the orc
  5974 | D:6      | Noticed Sigmund
  5987 | D:6      | Killed Sigmund
  6121 | D:6      | Reached XP level 9. HP: 64/64 MP: 12/12
  6619 | D:7      | Reached skill level 9 in Long Blades
  6669 | D:7      | Found a shattered altar of Ashenzari.
  7214 | D:8      | Received a gift from Nemelex Xobeh
  7304 | D:8      | Noticed Prince Ribbit
  7309 | D:8      | Noticed Prince Ribbit
  7309 | D:8      | Prince Ribbit changed into Prince Ribbit the warg
  7315 | D:8      | Killed Prince Ribbit the warg
  7349 | D:8      | Found a glowing silver altar of Zin.
  7352 | D:8      | Noticed an angel
  7354 | D:8      | Found a shimmering altar of Xom.
  7395 | D:8      | Noticed Gastronok
  7400 | D:8      | You fall through a shaft for 3 floors!
  7464 | D:11     | Reached skill level 10 in Long Blades
  7636 | D:10     | Entered Level 10 of the Dungeon
  7946 | D:9      | Noticed Maurice
  7964 | D:9      | Killed Maurice
  7964 | D:9      | Reached skill level 11 in Long Blades
  7964 | D:9      | Reached XP level 10. HP: 61/70 MP: 13/13
  8070 | D:9      | Received a gift from Nemelex Xobeh
  8124 | D:9      | Found Ghockaywn's Food Emporium.
  8213 | D:9      | Found a staircase to the Orcish Mines.
  8708 | D:8      | Killed Gastronok
  8708 | D:8      | Reached skill level 12 in Long Blades
  8959 | D:8      | Received a gift from Nemelex Xobeh
  8976 | D:8      | Reached skill level 13 in Long Blades
  9007 | D:8      | Noticed Grum
  9024 | D:9      | Killed Grum
  9158 | D:8      | Noticed Duvessa
  9260 | D:8      | Killed Duvessa
  9609 | D:8      | Acquired Nemelex Xobeh's first power
  9640 | D:8      | Reached XP level 11. HP: 64/75 MP: 15/15
  9809 | D:8      | Noticed Dowan
 10043 | D:8      | Noticed Pikel
 10068 | D:8      | Killed Pikel
 10068 | D:8      | Reached skill level 14 in Long Blades
 10347 | D:9      | Reached skill level 1 in Evocations
 10623 | D:9      | Reached skill level 5 in Shields
 10668 | D:9      | Received a gift from Nemelex Xobeh
 10879 | D:9      | Noticed a troll
 10885 | D:9      | Killed a troll
 11545 | D:9      | Reached skill level 5 in Evocations
 11867 | D:10     | Found a staircase to the Lair.
 12117 | D:10     | Found a shimmering altar of Xom.
 12121 | D:10     | Found a shimmering altar of Xom.
 12255 | D:10     | Noticed a hill giant
 12266 | D:10     | Killed a hill giant
 12485 | D:10     | Noticed Erica
 12494 | D:10     | Killed Erica
 12542 | D:10     | Found Kushuita's Gadget Shoppe.
 12559 | D:10     | Got a glittering iron ring
 12560 | D:10     | Identified the ring "Vyaff" {+Blink rElec rPois rN+ MR- Dex-4} (You found it on level 10 of the Dungeon)
 12576 | D:10     | Noticed an unseen horror
 12588 | D:10     | Killed an unseen horror
 12588 | D:10     | Reached XP level 12. HP: 81/81 MP: 24/24
 12941 | D:11     | Received a gift from Nemelex Xobeh
 12958 | D:11     | Noticed a centaur skeleton
 12966 | D:11     | Killed a centaur skeleton
 12978 | D:11     | Noticed a four-headed hydra
 12987 | D:11     | Killed a one-headed hydra
 13012 | D:11     | Noticed a seven-headed hydra
 13049 | D:11     | Killed a seven-headed hydra
 13275 | D:11     | Noticed a kobold demonologist
 13467 | D:11     | Killed a kobold demonologist
 14129 | D:11     | Reached skill level 10 in Shields
 14620 | Lair:1   | Entered Level 1 of the Lair of Beasts
 15361 | Lair:1   | Received a gift from Nemelex Xobeh
 15439 | Lair:1   | Reached skill level 10 in Evocations
 15447 | Lair:1   | Acquired Nemelex Xobeh's second power
 15548 | Lair:1   | Received a gift from Nemelex Xobeh
 15589 | Lair:1   | Got a dazzling long sword
 15590 | Lair:1   | Identified the +3 long sword "Xebbistrapt" {flame, Int+9} (You found it on level 1 of the Lair of Beasts)
 16214 | Lair:1   | Found a deep blue altar of Sif Muna.
 16352 | Lair:2   | Reached skill level 5 in Fighting
 16441 | Lair:2   | Reached XP level 13. HP: 85/94 MP: 28/28
 16879 | Lair:2   | Received a gift from Nemelex Xobeh
 17277 | Lair:3   | Acquired Nemelex Xobeh's third power
 18400 | Lair:4   | Received a gift from Nemelex Xobeh
 18412 | Lair:4   | Reached skill level 10 in Armour
 18932 | Lair:4   | Received a gift from Nemelex Xobeh
 19332 | Lair:4   | Found a staircase to the Swamp.
 19912 | Lair:5   | Reached skill level 10 in Fighting
 20427 | Lair:5   | Reached XP level 14. HP: 108/110 MP: 29/29
 20538 | Lair:5   | Received a gift from Nemelex Xobeh
 20718 | Lair:5   | Identified a scroll of acquirement
 20719 | Lair:5   | Got a smoking lajatang
 20720 | Lair:5   | Identified the +5 lajatang of Spring {drain, rPois} (You acquired it on level 5 of the Lair of Beasts)
 20730 | Lair:5   | Gained mutation: You have a somewhat thin skeletal structure (Dex +2, Stealth). [potion of mutation]
 20730 | Lair:5   | Gained mutation: You are resistant to hostile enchantments. [potion of mutation]
 20730 | Lair:5   | Gained mutation: You possess an exceptional clarity of mind. [potion of mutation]
 20731 | Lair:5   | Gained mutation: Your magical capacity is low (-10% MP). [potion of mutation]
 20731 | Lair:5   | Gained mutation: You are partially covered in iridescent scales (AC +4). [potion of mutation]
 20915 | Lair:6   | Noticed Harold
 20933 | Lair:6   | Killed Harold
 20946 | Lair:6   | Noticed Maud
 20975 | Lair:6   | Killed Maud
 21032 | Lair:6   | Found a frozen archway.
 21129 | IceCv    | Entered an ice cave
 21350 | IceCv    | Received a gift from Nemelex Xobeh
 21480 | IceCv    | Noticed Rayvis' ghost (powerful MiFi)
 21499 | IceCv    | Killed Rayvis' ghost
 21616 | IceCv    | Reached skill level 15 in Shields
 22078 | Lair:6   | Gained mutation: Your muscles are strong. (Str +2) [potion of beneficial mutation]
 22079 | Lair:6   | Gained mutation: You can spit poison. [potion of beneficial mutation]
 22086 | Lair:6   | Found a staircase to the Slime Pits.
 22116 | Lair:6   | Reached skill level 1 in Dodging
 22158 | Lair:6   | Found a viscous altar of Jiyva.
 22172 | Lair:6   | Received a gift from Nemelex Xobeh
 22239 | Lair:6   | Found a hole to the Spider Nest.
 22784 | Lair:6   | Noticed a tentacled starspawn
 22784 | Lair:6   | Cast into the Abyss (Lugonu's touch)
 23024 | Abyss:1  | Noticed a starcursed mass
 23033 | Abyss:1  | Killed a starcursed mass
 23039 | Abyss:1  | Killed a starcursed mass
 23041 | Abyss:1  | Killed a starcursed mass
 23046 | Abyss:1  | Killed a starcursed mass
 23047 | Abyss:1  | Killed a starcursed mass
 23205 | Abyss:1  | Found a corrupted altar of Lugonu.
 23207 | Abyss:1  | Noticed a Hell Sentinel
 23211 | Abyss:1  | Reached XP level 15. HP: 93/115 MP: 26/26
 23212 | Abyss:1  | Noticed a Shadow Fiend
 23212 | Abyss:1  | a Hell Sentinel changed into a Shadow Fiend
 23223 | Abyss:1  | Killed a Shadow Fiend
 23223 | Abyss:1  | Reached skill level 5 in Dodging
 23239 | Abyss:1  | Found a corrupted altar of Lugonu.
 23368 | Abyss:1  | Received a gift from Nemelex Xobeh
 23445 | Abyss:1  | Found a corrupted altar of Lugonu.
 23467 | Abyss:1  | Noticed a balrug
 23517 | Abyss:1  | Killed a balrug
 23855 | Abyss:1  | Noticed an Executioner
 23969 | Abyss:1  | Killed an Executioner
 24365 | Abyss:1  | Found a corrupted altar of Lugonu.
 24366 | Abyss:1  | Noticed a tentacled starspawn
 24379 | Abyss:1  | Killed a tentacled starspawn
 24436 | Abyss:1  | Noticed a cacodemon
 24447 | Abyss:1  | Killed a cacodemon
 24634 | Abyss:1  | Reached skill level 10 in Dodging
 24755 | Abyss:1  | Found a corrupted altar of Lugonu.
 24757 | Abyss:1  | Noticed a tentacled starspawn
 24779 | Abyss:1  | HP: 2/115 [spatial maelstrom (24)]
 24803 | Abyss:1  | HP: 5/115 [spatial maelstrom (13)]
 24803 | Abyss:1  | Mangled by a spatial maelstrom

Action                   |  1- 3 |  4- 6 |  7- 9 | 10-12 | 13-15 || total
-------------------------+-------+-------+-------+-------+-------++-------
Melee: Long sword        |    86 |   241 |   336 |   524 |       ||  1187
       Scimitar          |       |       |       |   248 |  1064 ||  1312
 Fire: Blowgun           |       |       |       |     4 |     6 ||    10
Throw: Stone             |       |       |       |     3 |       ||     3
Invok: Deal Four         |       |       |       |       |     4 ||     4
 Abil: Dig               |       |     1 |     7 |     9 |    23 ||    40
       Shaft Self        |       |       |     1 |       |       ||     1
Evoke: Wand              |       |       |     7 |     8 |       ||    15
       Deck              |       |       |     8 |    26 |    46 ||    80
       Stone of tremors  |       |       |       |       |     1 ||     1
       Phantom mirror    |       |       |       |       |     1 ||     1
  Use: Scroll            |     1 |     1 |    12 |     8 |    11 ||    33
       Potion            |       |       |     2 |     3 |    19 ||    24
 Stab: Distracted        |       |       |       |       |     1 ||     1
  Eat: Chunk             |       |     8 |    15 |    26 |    23 ||    72
       Fruit             |       |       |     2 |     2 |     1 ||     5
       Bread ration      |       |       |       |       |     2 ||     2
